 Dungeon Crawl Stone Soup version 0.28-a0-495-g9bb89235eb (webtiles) character file.

Game seed: 18107920303237543030

13697 cgj26 the Peltast (level 11, 84/84 HPs)
             Began as a Minotaur Berserker on Sept 24, 2020.
             Was a High Priest of Trog.
             Quit the game on level 3 of the Lair of Beasts on Sept 19, 2021.
             The game lasted 00:48:51 (15259 turns).

cgj26 the Peltast (Minotaur Berserker)             Turns: 15259, Time: 00:48:51

Health: 84/84      AC: 19    Str: 25    XL:     11   Next: 79%
Magic:  10/10      EV:  8    Int:  4    God:    Trog [*****.]
Gold:   826        SH: 12    Dex: 10    Spells: 10/10 levels left

rFire   + . .      SeeInvis .   I - +1 broad axe (vorpal)
rCold   . . .      Faith    .   A - +0 kite shield {rF+}
rNeg    . . .      Spirit   .   H - +0 plate armour
rPois   .          Reflect  .   (helmet restricted)
rElec   .          Harm     .   (no cloak)
rCorr   .          Rampage  .   k - +0 pair of gloves
Will    .....                   D - +2 pair of boots
Stlth   ..........              (no amulet)
HPRegen 0.24/turn               (no ring)
MPRegen 0.12/turn               (no ring)

@: no status effects
A: horns 2, retaliatory headbutt
a: Renounce Religion, Berserk, Trog's Hand, Brothers in Arms


You were on level 3 of the Lair of Beasts.
You worshipped Trog.
Trog was extremely pleased with you.
You visited 3 branches of the dungeon, and saw 13 of its levels.

You collected 826 gold pieces.

Inventory:

Hand Weapons
 a - a +0 hand axe
 G - a +2 morningstar of flaming
 I - a +1 vorpal broad axe (weapon)
Missiles
 c - 502 stones (quivered)
 p - 25 poisoned darts
Armour
 k - a +0 pair of gloves (worn)
 w - a +3 chain mail of fire resistance
 A - a +0 kite shield of fire resistance (worn)
 D - a +2 pair of boots (worn)
 H - a +0 plate armour (worn)
Jewellery
 q - a +6 ring of intelligence {unknown}
 u - an amulet of regeneration {unknown}
 y - a ring of fire {unknown}
 C - an amulet of faith {unknown}
 J - an amulet of inaccuracy
Wands
 t - a wand of digging (16)
 B - a wand of flame (8)
 E - a wand of mindburst (7)
 K - a wand of polymorph (8)
 L - a wand of paralysis (13)
 M - a wand of iceblast (7)
Scrolls
 d - 10 scrolls of identify {unknown}
 g - 7 scrolls of teleportation {unknown}
 h - 4 scrolls of amnesia {unknown}
 r - 3 scrolls of removedness
 s - 3 scrolls of noise {unknown}
 v - 4 scrolls of magic mapping {unknown}
 x - 2 scrolls of removedness
 z - a scroll of enchant weapon {unknown}
 F - 3 scrolls of blinking {unknown}
 N - a scroll of enchant armour {unknown}
Potions
 b - 5 potions of heal wounds
 e - a potion of ambrosia {unknown}
 f - 9 potions of curing {unknown}
 i - a potion of lignification
 j - 2 potions of haste
 l - a potion of degeneration {unknown}
 m - 4 potions of mutation {unknown}
 n - 5 potions of flight {unknown}
 o - 5 potions of attraction {unknown}


   Skills:
 - Level 4.1 Fighting
 - Level 10.0(11.5) Axes
 + Level 9.4(11.2) Maces & Flails
 - Level 10.0 Armour
 - Level 2.4 Dodging
 - Level 15.0 Shields


You had 10 spell levels left.
You didn't know any spells.
Your spell library contained the following spells:

 Spells                   Type           Power      Damage    Failure   Level
 Magic Dart               Conj           0%         1d3       99%         1
 Blink                    Tloc           N/A        N/A       100%        2
 Call Imp                 Summ           0%         N/A       100%        2
 Searing Ray              Conj           0%         2d4       100%        2
 Slow                     Hex            0%         N/A       100%        2
 Conjure Flame            Conj/Fire      0%         6-21      100%        3
 Dazzling Flash           Conj/Hex       0%         N/A       100%        3
 Mephitic Cloud           Conj/Pois/Air  0%         N/A       100%        3
 Fulminant Prism          Conj/Hex       0%         3d6       100%        4
 Iskenderun's Mystic Bla  Conj/Tloc      0%         2d3       100%        4


Dungeon Overview and Level Annotations

Branches:
Dungeon (10/15)            Temple (1/1) D:7            Lair (3/6) D:10
    Orc (0/2) D:10
  Swamp: Lair:2-4    Shoals: Lair:2-4     Snake: Lair:2-4    Spider: Lair:2-4

Altars:
Cheibriados
Gozag
Makhleb
Okawaru
Qazlal
Ru
Trog
Vehumet
The Shining One

Annotations:
Lair:1 1 runed translucent door, Olid's ghost, journeyman DrCj


Innate Abilities, Weirdness & Mutations

You have a pair of horns on your head.
You reflexively headbutt those who attack you in melee.


Message History

You hit the water moccasin.
The water moccasin is severely wounded.
The water moccasin bites you but does no damage.
You miss the water moccasin.
The water moccasin is severely wounded.
The water moccasin bites you but does no damage.
You closely miss the water moccasin.
You headbutt the water moccasin, but do no damage.
The water moccasin is severely wounded.
You block the water moccasin's attack. x2
You hit the water moccasin.
The water moccasin is almost dead.
The water moccasin bites you but does no damage.
You barely miss the water moccasin.
The water moccasin is almost dead.
The water moccasin bites you. You block the water moccasin's attack.
You closely miss the water moccasin.
The water moccasin is almost dead.
The water moccasin completely misses you.
You furiously retaliate!
You headbutt the water moccasin.
You kill the water moccasin!
Trog accepts your kill.
You see here a water moccasin corpse.
Done exploring.
Done exploring.
Done exploring.
Search for what [Enter for "."]? .
There is a stone staircase leading down here.
You climb downwards.
A crocodile comes into view.
There is a stone staircase leading up here.
Save game and exit?
Okay, then.
A komodo dragon comes into view.
Found 7 gold pieces.
Save game and exit?
Welcome back, cgj26 the Minotaur Berserker.
Trog says: Kill them all!
Press ? for a list of commands and other information.
Are you sure you want to abandon this character and quit the game? (Confirm with "yes".)

# .## ..# #
#####$..#
P###.#..P#..#
............##
#.P.<@....#
##P.......#
##......##
#......P.#
...........
##........l.
.W.........
##..........


You could see a komodo dragon and a ghost.

Vanquished Creatures
  Pikel (D:7)
  Joseph (D:7)
  2 black mambas
  A gargoyle (D:9)
  2 cane toads (Lair:1)
  2 komodo dragons
  Maggie (D:7)
  2 trolls (D:10)
  8 blink frogs
  Prince Ribbit (D:9)
  2 hornets
  6 removed hippogriffs
  2 basilisks (Lair:2)
  A yak (D:10)
  9 water moccasins
  Menkaure (D:7)
  Duvessa (D:5)
  3 removed porcupines
  5 orc warriors
  2 sky beasts
  2 ice beasts
  5 black bears
  3 wolves (Lair:2)
  5 centaurs
  2 ogres
  3 removed crocodiles
  A lemure (D:7)
  2 kobold brigands (D:9)
  3 gnoll sergeants
  6 bullfrogs
  A scorpion (D:7)
  Dowan (D:5)
  5 wights (D:7)
  4 howler monkeys
  3 jellies
  3 bullfrog zombies (D:8)
  A quasit (D:7)
  A bullfrog skeleton (D:9)
  5 orc priests
  5 hounds
  8 orc wizards
  2 removed worker ants
  Ijyb (D:4)
  6 iguanas
  A killer bee zombie (D:8)
  2 hound skeletons
  3 hound zombies
  2 removed worker ant zombies
  Robin (D:2)
  5 gnolls
  A howler monkey skeleton (D:4)
  22 adders
  A shadow imp (D:5)
  5 white imps
  An ufetubus (D:7)
  3 endoplasms (D:3)
  An adder skeleton (D:4)
  5 worms
  3 dart slugs
  41 orcs
  2 removed leopard geckos
  6 giant cockroaches
  15 goblins
  5 hobgoblins
  8 jackals
  14 kobolds
  5 quokkas
  A ball python (D:3)
  12 bats
  8 frilled lizards
  A quokka skeleton (D:9)
  8 rats
313 creatures vanquished.

Vanquished Creatures (others)
  43 fungi
  88 plants
131 creatures vanquished.

Grand Total: 444 creatures vanquished

Notes
Turn   | Place    | Note
-------+----------+-------------------------------------------
     0 | D:1      | cgj26 the Minotaur Berserker began the quest for the Orb.
     0 | D:1      | Reached XP level 1. HP: 19/19 MP: 0/0
   267 | D:1      | Reached XP level 2. HP: 20/27 MP: 1/1
  1197 | D:2      | Reached XP level 3. HP: 33/33 MP: 2/2
  1199 | D:2      | Reached ** piety under Trog
  1273 | D:2      | Noticed Robin
  1278 | D:2      | Killed Robin
  1458 | D:2      | Found a bloodstained altar of Trog.
  1493 | D:2      | Reached skill level 5 in Axes
  1542 | D:2      | Reached XP level 4. HP: 39/40 MP: 3/3
  2378 | D:3      | Reached *** piety under Trog
  2378 | D:3      | Reached XP level 5. HP: 10/46 MP: 4/4
  3683 | D:3      | Reached XP level 6. HP: 36/52 MP: 5/5
  3965 | D:4      | Reached skill level 5 in Armour
  4284 | D:4      | Found a stormy altar of Qazlal.
  4531 | D:4      | Noticed Ijyb
  4555 | D:4      | Killed Ijyb
  4561 | D:4      | Reached **** piety under Trog
  4915 | D:4      | Found an opulent altar of Gozag.
  5290 | D:5      | Entered Level 5 of the Dungeon
  5292 | D:5      | Noticed Dowan
  5304 | D:5      | Killed Dowan
  5304 | D:5      | Reached XP level 7. HP: 59/59 MP: 6/6
  5362 | D:5      | Noticed Duvessa
  5379 | D:5      | Killed Duvessa
  5654 | D:5      | Found a sand-covered staircase.
  6039 | D:5      | You fall into a shaft and drop 3 floors!
  6091 | D:8      | Found a snail-covered altar of Cheibriados.
  6137 | D:8      | Found a radiant altar of Vehumet.
  6149 | D:8      | Found a stormy altar of Qazlal.
  6159 | D:8      | Found a glowing golden altar of the Shining One.
  6168 | D:8      | Found a burning altar of Makhleb.
  6229 | D:8      | Reached XP level 8. HP: 56/66 MP: 7/7
  6881 | D:8      | Noticed a hippogriff
  6902 | D:8      | Killed a hippogriff
  6902 | D:8      | Reached skill level 10 in Axes
  7033 | D:7      | Reached skill level 1 in Shields
  7162 | D:7      | Reached skill level 10 in Armour
  7162 | D:7      | Reached skill level 2 in Shields
  7166 | D:7      | Noticed Pikel
  7202 | D:7      | Killed Pikel
  7202 | D:7      | Reached skill level 5 in Shields
  7202 | D:7      | Reached XP level 9. HP: 69/71 MP: 8/8
  7254 | D:7      | Noticed Menkaure
  7263 | D:7      | Killed Menkaure
  7263 | D:7      | Reached skill level 6 in Shields
  7620 | D:7      | Noticed Joseph
  7649 | D:7      | Killed Joseph
  7649 | D:7      | Reached skill level 7 in Shields
  7787 | D:7      | Reached skill level 8 in Shields
  7809 | D:7      | Reached ***** piety under Trog
  7830 | D:7      | Reached skill level 9 in Shields
  8042 | D:7      | Found a staircase to the Ecumenical Temple.
  8058 | D:7      | Noticed Maggie
  8087 | D:7      | Killed Maggie
  8099 | Temple   | Entered the Ecumenical Temple
  8439 | D:7      | Reached skill level 10 in Shields
  8802 | D:7      | Found an iron altar of Okawaru.
  9021 | D:9      | Reached XP level 10. HP: 78/78 MP: 9/9
  9300 | D:9      | Noticed Prince Ribbit
  9483 | D:9      | Reached skill level 1 in Maces & Flails
  9519 | D:9      | Reached skill level 11 in Shields
 10234 | D:9      | Killed Prince Ribbit
 10347 | D:9      | Found a sacrificial altar of Ru.
 10529 | D:9      | Noticed a gargoyle
 10539 | D:9      | Killed a gargoyle
 10539 | D:9      | Reached skill level 5 in Maces & Flails
 10771 | D:10     | Entered Level 10 of the Dungeon
 10807 | D:10     | Received a gift from Trog
 10866 | D:10     | Found a staircase to the Lair.
 10871 | D:10     | Reached skill level 12 in Shields
 11492 | D:10     | Found a staircase to the Orcish Mines.
 11938 | D:10     | Reached XP level 11. HP: 71/84 MP: 10/10
 12084 | Lair:1   | Entered Level 1 of the Lair of Beasts
 12098 | Lair:1   | Reached skill level 13 in Shields
 13023 | Lair:1   | Found a runed translucent door.
 13034 | Lair:1   | Identified the +4 spear "Beetleslayer" {vorpal, Fragile rF+
                  | rC+ rN+++}
 13038 | Lair:1   | Noticed Olid's ghost (journeyman DrCj)
 13040 | Lair:1   | Noticed a spriggan rider
 13661 | Lair:2   | Reached skill level 14 in Shields
 13781 | Lair:2   | HP: 4/84 [poisoned by a black mamba]
 13787 | Lair:2   | HP: 3/84 [poisoned by a black mamba]
 13792 | Lair:2   | HP: 2/84 [poisoned by a black mamba]
 13797 | Lair:2   | HP: 2/84 [poisoned by a black mamba]
 14362 | Lair:2   | Reached skill level 15 in Shields
 15259 | Lair:3   | Upgraded the game from 0.26-a0-646-g5d7718319a to
                  | 0.28-a0-495-g9bb89235eb
 15259 | Lair:3   | Quit the game

Illustrated notes

Levels and vault maps discovered:
D:1:      evilmike_arrival_rings, layout_basic
D:2:      layout_basic, marbit_many_paths, uniq_robin
D:3:      minmay_skewed_foursquare, layout_basic, minmay_hedge_maze
D:4:      layout_basic, nicolae_gozag_seed_capital,
          chequers_serial_rivers_room_a, grunt_qazlal_sundering, uniq_ijyb
D:5:      layout_loops_corners, nicolae_overflow_hidden_temple,
          grunt_dithmenos_smoke, enter_ossuary_5, uniq_duvessa,
          uniq_blork_the_orc
D:7:      layout_loops_cross, okawaru_altar_gauntlet_db,
          minmay_temple_entry_glass, uniq_joseph, uniq_pikel, uniq_menkaure,
          uniq_maggie
D:8:      layout_rooms, slow_altar_2, grunt_temple_overflow_cloverleaf,
          minmay_misc_feat_doors, chequers_jeans, st_stairs_1, feat_on_display
D:9:      layout_loops_ring, basic_altar, sword_in_stone, uniq_prince_ribbit1
D:10:     layout_irregular_city, due_lair_maze_entry_diamond, orc_0_dummy
Temple:   minmay_temple_curvy_loop
Lair:1:   layout_hall_layers, ebering_ghost_funeral_grove
Lair:2:   minmay_lair_venomous_thicket, layout_layer_cave, grunt_megastairs_2
Lair:3:   layout_chaotic_city, guppyfry_snake_entry_island, serial_bayou_shore_b

Skill      XL: |  1  2  3  4  5  6  7  8  9 10 11 |
---------------+----------------------------------+-----
Axes           | 4 5 6 7 8 10 | 10.0
Fighting       | 4 |  4.1
Armour         | 3 4 6 7 10 | 10.0
Shields        | 5 10 12 15 | 15.0
Maces & Flails | 7 9 |  9.4
Dodging        | |  2.4

Action                   |  1- 3 |  4- 6 |  7- 9 | 10-12 || total
-------------------------+-------+-------+-------+-------++-------
Melee: Hand axe          |    74 |   192 |   457 |       ||   723
       Headbutt          |    12 |    46 |    94 |    89 ||   241
       Morningstar       |       |       |     4 |   180 ||   184
       Broad axe         |       |       |       |   270 ||   270
Throw: Stone             |       |     6 |       |     4 ||    10
       Dart              |       |       |     1 |       ||     1
Invok: Berserk           |       |     1 |     4 |     3 ||     8
  Use: Potion            |       |       |       |     1 ||     1
Armor: Animal skin       |     3 |       |       |       ||     3
       Leather armour    |     7 |       |       |       ||     7
       Ring mail         |     9 |    52 |       |       ||    61
       Chain mail        |       |     6 |   201 |       ||   207
       Plate armour      |       |       |       |   199 ||   199
Dodge: Dodged            |    51 |    66 |   120 |   111 ||   348
Block: Kite shield       |       |       |   112 |   323 ||   435

Table legend: (Time is in decaauts)
 A = Elapsed time spent in this place.
 B = Non-inter-level travel time spent in this place.
 C = Inter-level travel time spent in this place.
 D = Time resting spent in this place.
 E = Time spent auto-exploring this place.
 F = Levels seen in this place.
 G = Mean time per level.
                   A        B        C        D        E       F      G
               +--------+--------+--------+--------+--------+-----+--------+
         Total |  15330 |  14759 |    571 |   4440 |   7234 |  13 | 1179.2 |
       Dungeon |  12472 |  11953 |    519 |   3624 |   5682 |   9 | 1385.8 |
        Temple |      1 |      1 |      0 |      0 |      0 |   1 |    1.0 |
          Lair |   2856 |   2804 |     52 |    816 |   1552 |   3 |  952.0 |
               +--------+--------+--------+--------+--------+-----+--------+

Top non-repeatable levels by time:
     D:7: 1951 daAuts
  Lair:2: 1797 daAuts
     D:9: 1794 daAuts
    D:10: 1677 daAuts
     D:3: 1616 daAuts
     D:4: 1564 daAuts
     D:1: 1196 daAuts
     D:2: 1129 daAuts
  Lair:1: 1056 daAuts
     D:8: 989 daAuts
     D:5: 553 daAuts
  Temple: 1 daAuts
  Lair:3: 1 daAuts
